 Dungeon Crawl Stone Soup version 0.22.1-2-g9c5b331 (webtiles) character file.

25855 whitewolfNL the Bludgeoner (level 12, -9/112 HPs)
             Began as a Minotaur Berserker on Dec 21, 2018.
             Was a High Priest of Trog.
             Mangled by a hell knight
             ... wielding a +2 great sword of flaming
              (16 damage)
             ... on level 14 of the Dungeon.
             The game lasted 00:59:19 (13904 turns).

whitewolfNL the Bludgeoner (Minotaur Berserker)    Turns: 13904, Time: 00:59:21

Health: -9/112     AC: 18    Str: 23 (25) XL:     12   Next: 93%
Magic:  5/5        EV: 11    Int:  5      God:    Trog [*****.]
Gold:   881        SH:  0    Dex: 13 (14) Spells: 11/11 levels left

rFire    x . .     SeeInvis .   L - +4 eveningstar (antimagic)
rCold    + . .     Gourm    .   (no shield)
rNeg     . . .     Faith    +   O - +0 plate armour
rPois    .         Spirit   .   l - +0 hat
rElec    .         Reflect  .   (no cloak)
rCorr    .         Harm     .   b - +0 pair of gloves
MR       .....                  u - +0 pair of boots
Stlth    ..........             E - amulet of faith
HPRegen  0.28/turn              s - +3 ring of strength
MPRegen  0.09/turn              P - ring of ice

@: berserk cooldown, hasted and slowed
A: retaliatory headbutt, horns 2
a: Berserk, Trog's Hand, Brothers in Arms, Renounce Religion


You were on level 14 of the Dungeon.
You worshipped Trog.
Trog was extremely pleased with you.
You were not hungry.

You visited 2 branches of the dungeon, and saw 15 of its levels.

You collected 881 gold pieces.

Inventory:

Hand Weapons
 d - a +0 longbow
 z - a +0 shortbow
 G - a cursed -3 shortbow
 L - a +4 antimagic eveningstar (weapon)
 M - a +2 antimagic great mace
Missiles
 e - 219 arrows
 i - 93 sling bullets
 p - 54 bolts
 t - a throwing net (quivered)
Armour
 b - a +0 pair of gloves (worn)
 l - a +0 hat (worn)
 u - a +0 pair of boots (worn)
 O - a +0 plate armour (worn)
Jewellery
 o - an uncursed amulet of the acrobat
 s - a +3 ring of strength (left hand)
 E - an amulet of faith (around neck)
 F - an uncursed ring of fire
 P - a ring of ice (right hand)
Wands
 y - a wand of disintegration (10)
 A - a wand of polymorph (27)
 J - a wand of iceblast (9)
Scrolls
 h - 11 scrolls of remove curse
 m - 3 scrolls of immolation
 v - 4 scrolls of magic mapping
 w - 3 scrolls of enchant weapon
 B - a scroll of holy word {unknown}
 C - a scroll of random uselessness {unknown}
 N - a scroll of vulnerability {unknown}
Potions
 a - 2 potions of might {unknown}
 f - a potion of heal wounds
 g - 4 potions of flight
 j - 2 potions of lignification
 k - 6 potions of curing
 q - a potion of haste
 r - 3 potions of ambrosia
 D - a potion of agility {unknown}
 H - a potion of mutation {unknown}
 I - a potion of magic
Miscellaneous
 x - a crystal ball of energy
 K - a fan of gales
Comestibles
 c - 21 rations
 n - 7 chunks of flesh


   Skills:
 * Level 12.0 Fighting
 * Level 16.2 Maces & Flails
 * Level 12.2 Armour
 * Level 8.1 Dodging
 - Level 0.2 Stealth
 * Level 5.7 Evocations


You had 11 spell levels left.
You didn't know any spells.
Your spell library was empty.

Dungeon Overview and Level Annotations

Branches:
Dungeon (14/15)            Temple (0/1) D:6            Lair (1/6) D:9
    Orc (0/2) D:10
 Vaults: D:13-14

Altars:
Dithmenos
Elyvilon
Fedhas
Gozag
Hepliaklqana
Kikubaaqudgha
Makhleb
Nemelex Xobeh
Qazlal
Sif Muna
Wu Jian
Xom
Yredelemnul
Zin
Beogh

Shops:
D:8 :   D:10 (

Portals:
Labyrinth: D:13

Annotations:
D:13 Louise


Innate Abilities, Weirdness & Mutations

You reflexively headbutt those who attack you in melee.
You have a pair of horns on your head.


Message History

The vampire mosquito bites you but does no damage.
You climb downwards.
You feel a wave of frost pass over you.
There is an entrance to an ice cave on this level.
Hurry and find it before the A hungry ghost comes into view.
Found 22 stones and a ration.
There is a stone staircase leading up here.
You feel yourself speed up. The vampire mosquito barely misses you.
You furiously retaliate!
You headbutt the vampire mosquito.
The vampire mosquito bites you but does no damage.
The hell knight barely misses you. You furiously retaliate!
You headbutt the hell knight! The crimson imp barely misses you.
The vampire mosquito closely misses you.
You furiously retaliate!
You headbutt the vampire mosquito!
The hungry ghost is sucked into a shaft!
The shaft crumbles and collapses.
The hell knight hits you with a great sword of flaming!!
* * * LOW HITPOINT WARNING * * *
The hell knight burns you!
You die...

..% #.....
...######......
.............^.
...............
.......(....ยง^^
...............
.......yp..^^..
......5@......^
...######......
..^.^ .... ...
##


You could see a hell knight, a vampire mosquito and a crimson imp.

Vanquished Creatures
  An ogre mage (D:11)
  The ghost of nicolaieve the Basher, a journeyman MiBe of Trog (D:11)
  A centaur warrior (D:13)
  6 two-headed ogres
  4 death yaks
  Urug (D:13)
  The ghost of MalarOregon the Spear-Bearer, a novice MfTm of Nemelex Xobeh (D:7)
  3 ugly things
  A deep elf mage (D:12)
  A manticore (D:10)
  2 gargoyles (D:11)
  3 trolls
  A hornet (D:11)
  Prince Ribbit (D:5)
  Grinder (D:5)
  2 hippogriffs
  12 yaks
  5 wraiths
  2 wyverns (D:9)
  A human (D:8)
  Eustachio (D:4)
  2 hungry ghosts
  3 hogs (D:8)
  Edmund (D:6)
  2 acid dragons (D:11)
  A porcupine (D:9)
  4 orc warriors
  4 phantoms
  7 sky beasts
  5 ice beasts
  A black bear (D:10)
  A necrophage (D:10)
  A wolf (D:8)
  8 ogres
  An eye of draining (D:8)
  7 centaurs
  2 crocodiles
  2 elf zombies (D:10)
  2 big kobolds
  10 bullfrogs
  An elf skeleton (D:10)
  11 scorpions
  A troll zombie (D:10)
  11 killer bees
  3 jellies
  2 wights
  2 electric eels (D:8)
  7 howler monkeys
  2 centaur zombies
  4 crimson imps
  A quasit (D:11)
  A bullfrog skeleton (D:10)
  3 human zombies (D:10)
  A bullfrog zombie (D:11)
  10 hounds
  A gnoll shaman (D:6)
  4 orc priests
  2 centaur skeletons
  7 orc wizards
  2 human skeletons (D:10)
  2 iguanas
  9 worker ants
  A centaur simulacrum (D:8)
  A howler monkey zombie (D:7)
  Robin (D:2)
  9 gnolls
  A howler monkey skeleton (D:11)
  20 adders
  A river rat (D:9)
  4 shadow imps
  A white imp (D:8)
  An ufetubus (D:8)
  3 adder skeletons
  An adder simulacrum (D:8)
  7 leopard geckos
  43 orcs
  3 ball pythons
  8 giant cockroaches
  15 goblins
  15 hobgoblins
  12 jackals
  11 quokkas
  8 bats
  6 frilled lizards
  A giant cockroach zombie (D:5)
  A jackal zombie (D:8)
  18 kobolds
  2 leopard gecko skeletons
  A quokka simulacrum (D:8)
  16 rats
413 creatures vanquished.

Vanquished Creatures (others)
  A quokka (D:4)
1 creature vanquished.

Grand Total: 414 creatures vanquished

Notes
Turn   | Place    | Note
-------+----------+-------------------------------------------
     0 | D:1      | whitewolfNL the Minotaur Berserker began the quest for the
                  | Orb.
     0 | D:1      | Reached XP level 1. HP: 19/19 MP: 0/0
   111 | D:1      | Reached skill level 4 in Maces & Flails
   111 | D:1      | Reached XP level 2. HP: 26/27 MP: 1/1
   515 | D:1      | Reached ** piety under Trog
   515 | D:1      | Reached XP level 3. HP: 33/33 MP: 2/2
  1167 | D:2      | Noticed Robin
  1202 | D:2      | Killed Robin
  1202 | D:2      | Reached skill level 5 in Maces & Flails
  1202 | D:2      | Reached XP level 4. HP: 10/41 MP: 3/3
  1720 | D:2      | Found a sparkling altar of Nemelex Xobeh.
  1990 | D:3      | Reached XP level 5. HP: 47/47 MP: 4/4
  2365 | D:3      | Reached *** piety under Trog
  2529 | D:3      | Found an ornate altar of the Wu Jian Council.
  2688 | D:4      | Reached skill level 6 in Maces & Flails
  2688 | D:4      | Reached XP level 6. HP: 50/55 MP: 5/5
  2719 | D:4      | Found a white marble altar of Elyvilon.
  2739 | D:4      | Reached skill level 5 in Fighting
  2929 | D:4      | Reached skill level 7 in Maces & Flails
  2996 | D:4      | Found a blossoming altar of Fedhas.
  3102 | D:4      | Reached XP level 7. HP: 59/61 MP: 6/6
  3143 | D:4      | Noticed Eustachio
  3161 | D:4      | Killed Eustachio
  3161 | D:4      | Reached skill level 5 in Armour
  3454 | D:5      | Entered Level 5 of the Dungeon
  3611 | D:5      | Reached skill level 8 in Maces & Flails
  3698 | D:5      | Noticed Prince Ribbit
  3764 | D:5      | Killed Prince Ribbit
  3764 | D:5      | Reached XP level 8. HP: 70/70 MP: 7/7
  3825 | D:5      | Found a shadowy altar of Dithmenos.
  3995 | D:5      | Found an ancient bone altar of Kikubaaqudgha.
  3996 | D:5      | Found a basalt altar of Yredelemnul.
  3996 | D:5      | Found a deep blue altar of Sif Muna.
  3997 | D:5      | Found a stormy altar of Qazlal.
  4042 | D:5      | Noticed Grinder
  4056 | D:5      | Killed Grinder
  4056 | D:5      | Reached skill level 9 in Maces & Flails
  4056 | D:5      | Reached skill level 1 in Evocations
  4282 | D:6      | Found a shimmering altar of Xom.
  4296 | D:6      | Reached **** piety under Trog
  4316 | D:6      | Noticed Edmund
  4326 | D:6      | Killed Edmund
  4490 | D:6      | Reached XP level 9. HP: 79/79 MP: 9/9
  4574 | D:6      | Found a staircase to the Ecumenical Temple.
  4728 | D:6      | Reached skill level 10 in Maces & Flails
  5008 | D:7      | Reached skill level 5 in Dodging
  5041 | D:7      | Reached ***** piety under Trog
  5353 | D:7      | Reached skill level 11 in Maces & Flails
  5685 | D:7      | Found a transporter.
  5697 | D:7      | Noticed a troll
  5987 | D:7      | Noticed a purple ugly thing
  5991 | D:7      | Found a transporter.
  5997 | D:7      | Found a glowing silver altar of Zin.
  6002 | D:7      | Killed a purple ugly thing
  6012 | D:7      | Killed a troll
  6012 | D:7      | Reached XP level 10. HP: 54/88 MP: 11/11
  6161 | D:7      | Found a runed gate.
  6165 | D:7      | Found an opulent altar of Gozag.
  6165 | D:7      | Noticed MalarOregon's ghost (novice MfTm)
  6166 | D:7      | Found a runed gate.
  6166 | D:7      | Found a runed gate.
  6224 | D:7      | Killed MalarOregon's ghost
  6224 | D:7      | Reached skill level 12 in Maces & Flails
  6833 | D:7      | Received a gift from Trog
  6984 | D:8      | Found Berux's Book Boutique.
  7708 | D:8      | Found a burning altar of Makhleb.
  7823 | D:8      | Noticed a death yak
  7840 | D:8      | Killed a death yak
  7842 | D:8      | Reached skill level 13 in Maces & Flails
  7930 | D:8      | Found a hazy altar of Hepliaklqana.
  8425 | D:9      | Reached skill level 10 in Armour
  8425 | D:9      | Reached XP level 11. HP: 97/97 MP: 12/12
  8431 | D:9      | Received a gift from Trog
  8476 | D:9      | Noticed a death yak
  8500 | D:9      | Killed a death yak
  8503 | D:9      | Noticed a death yak
  8503 | D:9      | Noticed a death yak
  8874 | D:9      | Killed a death yak
  8879 | D:9      | Killed a death yak
  8909 | D:9      | Paralysed by fainting for 10 turns
  8923 | D:9      | Reached skill level 10 in Fighting
  8947 | D:9      | Noticed a two-headed ogre
  8953 | D:9      | Killed a two-headed ogre
  8956 | D:9      | Found a staircase to the Lair.
  9502 | Lair:1   | Entered Level 1 of the Lair of Beasts
  9524 | Lair:1   | Noticed a seven-headed hydra
  9601 | D:10     | Entered Level 10 of the Dungeon
  9641 | D:10     | Found Raepur's Antique Weapon Shop.
  9745 | D:10     | Noticed a two-headed ogre
  9747 | D:10     | Reached skill level 14 in Maces & Flails
  9755 | D:10     | Killed a two-headed ogre
 10081 | D:10     | Received a gift from Trog
 10155 | D:10     | Found a basalt altar of Yredelemnul.
 10374 | D:10     | Found a staircase to the Orcish Mines.
 10623 | D:11     | Reached XP level 12. HP: 67/110 MP: 4/14
 10822 | D:11     | Noticed an ogre mage
 10822 | D:11     | Noticed a two-headed ogre
 10822 | D:11     | Noticed a two-headed ogre
 10823 | D:11     | Noticed a two-headed ogre
 10828 | D:11     | Killed a two-headed ogre
 10832 | D:11     | Killed an ogre mage
 10837 | D:11     | Killed a two-headed ogre
 10837 | D:11     | Reached skill level 5 in Evocations
 10839 | D:11     | Killed a two-headed ogre
 10839 | D:11     | Reached skill level 15 in Maces & Flails
 11017 | D:11     | Reached ****** piety under Trog
 11117 | D:11     | Found a runed gate.
 11118 | D:11     | Found a runed gate.
 11119 | D:11     | Found a runed gate.
 11121 | D:11     | Noticed nicolaieve's ghost (journeyman MiBe)
 11132 | D:11     | Received a gift from Trog
 11415 | D:11     | Found a runed door.
 11528 | D:11     | Found a roughly hewn altar of Beogh.
 11609 | D:11     | Noticed a two-headed ogre
 11616 | D:11     | Killed a two-headed ogre
 11619 | D:11     | HP: 2/110 [white ugly thing (31)]
 12221 | D:11     | Killed nicolaieve's ghost
 13291 | D:12     | Reached skill level 16 in Maces & Flails
 13386 | D:12     | Received a gift from Trog
 13766 | D:13     | Found a labyrinth entrance.
 13849 | D:13     | Noticed a centaur warrior
 13874 | D:13     | Killed a centaur warrior
 13883 | D:13     | Noticed Urug
 13898 | D:13     | Killed Urug
 13900 | D:13     | Noticed Louise
 13904 | D:14     | Mangled by a hell knight

Skill      XL: |  1  2  3  4  5  6  7  8  9 10 11 12 |
---------------+-------------------------------------+-----
Maces & Flails | 4 5 6 7 8 9 11 13 14 16 | 16.2
Fighting       | 4 5 6 7 8 9 11 12 | 12.0
Armour         | 3 4 5 7 8 10 11 12 | 12.2
Dodging        | 3 4 5 6 7 8 |  8.1
Evocations     | 1 3 4 5 |  5.7
Stealth        | |  0.2

Action                   |  1- 3 |  4- 6 |  7- 9 | 10-12 || total
-------------------------+-------+-------+-------+-------++-------
Melee: Mace              |    96 |   106 |   110 |       ||   312
       Headbutt          |    22 |    10 |    64 |   139 ||   235
       Whip              |    26 |     6 |       |       ||    32
       Flail             |       |       |   142 |   170 ||   312
       Dire flail        |       |       |       |   180 ||   180
       Great mace        |       |       |       |   266 ||   266
       Eveningstar       |       |       |       |    25 ||    25
Invok: Berserk           |     1 |     3 |     6 |    23 ||    33
Evoke: Wand              |       |       |       |     1 ||     1
  Use: Scroll            |       |     1 |     9 |    11 ||    21
       Potion            |       |       |     1 |     9 ||    10
  Eat: Chunk             |     1 |    10 |    14 |    35 ||    60
       Ration            |       |       |       |     5 ||     5
Armor: Plate armour      |    96 |    50 |   139 |   322 ||   607
Dodge: Dodged            |    56 |    50 |   100 |   306 ||   512
